 Dungeon Crawl Stone Soup version 0.23-a0-639-ga9a3373 (webtiles) character file.

43 TheGoonsmith the Firebug (level 3, -1/20 HPs)
             Began as a Gargoyle Fire Elementalist on Dec 29, 2018.
             Slain by a worm (5 damage)
             ... on level 2 of the Dungeon.
             The game lasted 00:02:12 (1604 turns).

TheGoonsmith the Firebug (GrFE)                     Turns: 1604, Time: 00:02:12

Health: -1/20      AC:  5    Str: 11    XL:     3   Next: 58%
Magic:  1/6        EV: 12    Int: 16    God:
Gold:   108        SH:  0    Dex: 10    Spells: 5/6 levels left

rFire    . . .     SeeInvis .   n - +0 mace
rCold    . . .     Gourm    .   (no shield)
rNeg     + . .     Faith    .   a - +0 robe
rPois    ∞         Spirit   .   (no helmet)
rElec    +         Reflect  .   (no cloak)
rCorr    .         Harm     .   (no gloves)
MR       .....                  (no boots)
Stlth    ++........             (no amulet)
HPRegen  0.06/turn              (no ring)
MPRegen  0.10/turn              (no ring)

@: very slightly contaminated
A: negative energy resistance 1, electricity resistance, unbreathing,
petrification resistance, rot immunity, AC +3
a: no special abilities


You were on level 2 of the Dungeon.
You were hungry.

You visited 1 branch of the dungeon, and saw 2 of its levels.

You collected 108 gold pieces.

Inventory:

Hand Weapons
 i - a +0 dagger
 n - a +0 mace (weapon)
Armour
 a - a +0 robe (worn)
Jewellery
 k - an uncursed amulet of guardian spirit {unknown}
Wands
 m - a wand of iceblast (5)
Scrolls
 b - 2 scrolls of enchant weapon {unknown}
 d - a scroll of identify {unknown}
 f - a scroll of fear {unknown}
 h - a scroll of fog {unknown}
 j - 2 scrolls of teleportation {unknown}
 o - a scroll of amnesia {unknown}
Potions
 e - a potion of invisibility {unknown}
 g - a potion of flight {unknown}
 l - 2 potions of curing {unknown}
Comestibles
 c - 3 rations


   Skills:
 + Level 1.3 Fighting
 - Level 1.5 Dodging
 - Level 2.1 Stealth
 + Level 2.3 Spellcasting
 * Level 2.4 Conjurations
 + Level 3.3 Fire Magic


You had 5 spell levels left.
You knew the following spells:

 Your Spells              Type           Power        Failure   Level  Hunger
a - Flame Tongue          Conj/Fire      ##...        6%          1    #......

Your spell library contained the following spells:

 Spells                   Type           Power        Failure   Level  Hunger
 Throw Flame              Conj/Fire      ##....       10%         2    ###....
 Conjure Flame            Conj/Fire      ##......     19%         3    ###....
 Inner Flame              Hex/Fire       #.......     30%         3    ###....
 Sticky Flame             Conj/Fire      ##......     52%         4    #####..
 Fireball                 Conj/Fire      ##........   86%         5    ######.


Dungeon Overview and Level Annotations

Branches:
Dungeon (2/15)

Altars:
Xom

Annotations:
D:2 Terence


Innate Abilities, Weirdness & Mutations

You are resistant to torment.
Your stone body is resilient. (AC +3)
You are immune to poison.
You resist negative energy. (rN+)
You are resistant to electric shocks. (rElec)
You can survive without breathing.
You are immune to petrification.
You are immune to rotting.


Message History

Aim: an adder (heavily wounded)
The flame tongue hits the adder.
The adder is almost dead.
The adder misses you. The adder bites you but does no damage.
Casting: Flame Tongue (safe; 6% risk of failure)
Confirm with . or Enter, or press ? or * to list all spells.
You don't have enough magic to cast that spell.
Casting: Flame Tongue (safe; 6% risk of failure)
Confirm with . or Enter, or press ? or * to list all spells.
You don't have enough magic to cast that spell.
You hit the adder.
You kill the adder!
You hit the worm.
The worm is lightly wounded.
The worm bites you.
* * * LOW HITPOINT WARNING * * *
You sock the worm!
The worm is moderately wounded.
The worm bites you.
You die...

#.# #.# #.#
#.# #.# #.#
#.#
#.##########
#..@wg......
#####'######
..# ..+ ..#
###


You could see a worm and a hobgoblin.

Vanquished Creatures
  2 adders (D:2)
  A dart slug (D:1)
  A leopard gecko (D:1)
  A giant cockroach (D:1)
  2 goblins (D:1)
  2 hobgoblins (D:1)
  3 kobolds (D:1)
  A quokka (D:2)
  4 bats
  2 frilled lizards
  3 rats (D:1)
22 creatures vanquished.

Notes
Turn   | Place    | Note
-------+----------+-------------------------------------------
     0 | D:1      | TheGoonsmith the Gargoyle Fire Elementalist began the quest
                  | for the Orb.
     0 | D:1      | Reached XP level 1. HP: 10/10 MP: 3/3
   198 | D:1      | Reached XP level 2. HP: 16/16 MP: 1/5
  1206 | D:1      | Reached skill level 1 in Fighting
  1248 | D:2      | Noticed Terence
  1311 | D:2      | Found a shimmering altar of Xom.
  1375 | D:2      | Reached XP level 3. HP: 20/20 MP: 1/6
  1604 | D:2      | Slain by a worm

Vault maps used:
D:1:      ncdulo_watergridlock, amethyst_killhole, minmay_pentomino_s2
D:2:      minmay_thinvault, overflow_temple_1_default, lightli_temple_of_fire,
          minmay_tree_intersection, uniq_terence

Skill      XL: |  1  2 |
---------------+-------+-----
Conjurations   | 2 |  2.4
Fighting       | 1 |  1.3
Dodging        | |  1.5
Stealth        | |  2.1
Spellcasting   | |  2.3
Fire Magic     | |  3.3

Action                   || total
-------------------------++-------
Melee: Unarmed           ||    10
       Mace              ||     3
 Cast: Flame Tongue      ||    43
  Eat: Chunk             ||     2
Armor: Robe              ||    11
Dodge: Dodged            ||    17

Table legend:
 A = Non-vault XP
 B = Vault XP
 C = Vault XP percentage of total XP
 D = Non-vault monster count
 E = Vault monster count
 F = Vault count percentage of total count
                 A         B        C        D         E       F
            +---------+---------+-------+---------+---------+-------
      Total |      47 |      15 |  24.2 |      20 |       2 |   9.1
            +---------+---------+-------+---------+---------+-------
        D:1 |      29 |       1 |   3.3 |      16 |       1 |   5.9
        D:2 |      18 |      14 |  43.8 |       4 |       1 |  20.0
            +---------+---------+-------+---------+---------+-------
